 Dungeon Crawl Stone Soup version 0.30.0-5-g1a98f26d00 (webtiles) character file.

Game seed: 5602188054254760448

58 Foic the Cutter (level 4, -9/41 HPs)
             Began as a Gnoll Chaos Knight on May 8, 2023.
             Was a Plaything of Xom.
             Engulfed by a fire crab (glowing shapeshifter)'s flame (14 damage)
             ... on level 2 of the Dungeon.
             The game lasted 00:07:04 (1127 turns).

Foic the Cutter (Gnoll Chaos Knight)                Turns: 1127, Time: 00:07:04

Health: -9/41      AC:  7    Str: 11    XL:     4   Next: 1%
Magic:  5/5        EV:  9    Int: 11    God:    Xom [..*...]
Gold:   59         SH:  0    Dex: 14    Spells: 5/5 levels left

rFire   . . .        a - +0 short sword (chaos)
rCold   . . .        (no shield)
rNeg    . . .        d - +0 scale mail
rPois   .            (no helmet)
rElec   .            (no cloak)
rCorr   .            (no gloves)
SInv    .            (no boots)
Will    .....        (no amulet) Stlth
                     (no ring)
HPRegen 0.26/turn    (no ring)
MPRegen 0.09/turn

%: no passive effects
@: no status effects
A: fangs 1, strong nose, distributed training
a: Renounce Religion


You were on level 2 of the Dungeon.
You worshipped Xom.
You were a toy of Xom.
You visited 1 branch of the dungeon, and saw 2 of its levels.

You collected 59 gold pieces.

Inventory:

Hand Weapons
 a - a +0 short sword of chaos (weapon)
Missiles
 i - 3 stones
Armour
 b - a +2 leather armour
 d - a +0 scale mail (worn)
Magical Staves
 h - a staff of air
Scrolls
 e - 2 scrolls of teleportation {unknown}
 g - a scroll of immolation {unknown}
 j - a scroll of identify {unknown}
Potions
 f - 2 potions of heal wounds
Miscellaneous
 c - a piece from Xom's chessboard (15/15) (quivered)


   Skills:
 + Level 6.6 Fighting
 + Level 6.6 Short Blades
 + Level 1.0 Long Blades
 + Level 1.0 Axes
 + Level 1.0 Maces & Flails
 + Level 1.0 Polearms
 + Level 1.0 Staves
 + Level 1.0 Ranged Weapons
 + Level 1.0 Throwing
 + Level 4.6 Armour
 + Level 2.7 Dodging
 + Level 1.0 Stealth
 + Level 1.0 Shields
 + Level 1.0 Unarmed Combat
 + Level 1.0 Spellcasting
 + Level 0.8 Conjurations
 + Level 0.8 Hexes
 + Level 0.8 Summonings
 + Level 0.8 Necromancy
 + Level 0.8 Translocations
 + Level 0.8 Transmutations
 + Level 0.8 Fire Magic
 + Level 0.8 Ice Magic
 + Level 0.8 Air Magic
 + Level 0.8 Earth Magic
 + Level 0.8 Poison Magic
 + Level 1.1 Invocations
 + Level 1.0 Evocations


You had 5 spell levels left.
You didn't know any spells.
Your spell library was empty.

Dungeon Overview and Level Annotations

Branches:
Dungeon (2/15)

Altars:


Innate Abilities, Weirdness & Mutations

You have very sharp teeth.
Your uncanny sense of smell can sniff out nearby items.
Your experience applies equally to all skills.


Message History

You hit the bat.
You kill the bat!
You see here a bat corpse.
You now have 51 gold pieces (gained 8).
You see here a ball python corpse.
You now have 59 gold pieces (gained 8).
An endoplasm comes into view.
Found 5 gold pieces.
The endoplasm quivers.
A jackal comes into view.
The jackal barks!
An endoplasm comes into view.
A jackal comes into view.
The jackal barks!
The endoplasm attacks as you move away! The endoplasm hits you.
You hit the endoplasm but do no damage. The endoplasm freezes you.
You are frozen.
You barely miss the endoplasm.
You bite the endoplasm, but do no damage.
You hit the endoplasm but do no damage.
The endoplasm changes into a glowing shapeshifter!
Xom thinks this is hilarious!
You bite the glowing shapeshifter.
The glowing shapeshifter is lightly wounded.
The glowing shapeshifter changes into a fire crab!
You barely miss the fire crab. You hit the fire crab but do no damage.
The fire crab breathes flames at you. The blast of flame misses you.
The fire crab attacks as you move away! The fire crab bites you.
You are engulfed in flames!
The fire crab claws you but does no damage.
You are engulfed in blazing flames.
* * * LOW HITPOINT WARNING * * *
The fire crab breathes flames at you. The blast of flame engulfs you.
* * * LOW HITPOINT WARNING * * *
You are engulfed in blazing flames.
You die...
Xom thinks this is hilarious!

..# ∆∆∆ #.....hh.# .##
∆∆∆ #........# ..# ∆ ∆
####........# ..#
#.##...h....# ..#
#.###h#.##### ..########
#..##t#.# #)..#....##
##.##°#.#
#†#.##....####.°°°°°#
.........†...###@°°##
...........†.#○○○##......
#.#.####.....○○○○........
#.#.# #..##.○○####......
#.#.# ##......### .#...
#.#.# ##.......# .#...
#.#.# #.....#...... ..
#...# #....#.##.###.
......###.# ...


You could see a fire crab shaped shifter and a jackal.

Vanquished Creatures
  A gnoll (D:1)
  An adder (D:2)
  3 dart slugs
  3 endoplasms (D:1)
  3 giant cockroaches
  3 goblins
  4 hobgoblins
  A quokka (D:1)
  3 ball pythons
  4 bats
  A frilled lizard (D:1)
  A kobold (D:2)
  5 rats (D:1)
33 creatures vanquished.

Notes
Turn   | Place    | Note
-------+----------+-------------------------------------------
     0 | D:1      | Foic the Gnoll Chaos Knight began the quest for the Orb.
     0 | D:1      | Reached XP level 1. HP: 23/23 MP: 1/1
   178 | D:1      | XOM: silly message
   195 | D:1      | Reached XP level 2. HP: 17/29 MP: 2/2
   270 | D:1      | XOM: divination: detect items
   476 | D:1      | XOM: butterfly on damage
   487 | D:1      | Reached XP level 3. HP: 20/35 MP: 3/3
   487 | D:1      | XOM: silly message
   666 | D:1      | Reached skill level 1 in Invocations
   920 | D:1      | XOM: silly message
  1040 | D:2      | Reached skill level 1 in Long Blades
  1040 | D:2      | Reached skill level 1 in Axes
  1040 | D:2      | Reached skill level 1 in Maces & Flails
  1040 | D:2      | Reached skill level 1 in Polearms
  1040 | D:2      | Reached skill level 1 in Staves
  1040 | D:2      | Reached skill level 1 in Ranged Weapons
  1040 | D:2      | Reached skill level 1 in Throwing
  1040 | D:2      | Reached skill level 1 in Stealth
  1040 | D:2      | Reached skill level 1 in Shields
  1040 | D:2      | Reached skill level 1 in Unarmed Combat
  1040 | D:2      | Reached skill level 1 in Spellcasting
  1040 | D:2      | Reached skill level 1 in Evocations
  1081 | D:2      | Reached XP level 4. HP: 39/41 MP: 5/5
  1123 | D:2      | an endoplasm changed into a glowing shapeshifter
  1123 | D:2      | Noticed a glowing shapeshifter (glowing shapeshifter)
  1123 | D:2      | a glowing shapeshifter changed into a fire crab
  1123 | D:2      | Noticed a fire crab (glowing shapeshifter)
  1127 | D:2      | Engulfed by a fire crab (glowing shapeshifter)'s flame

Illustrated notes

Levels and vault maps discovered:
D:1:      noname_arrival_rooms_in_the_neighbourhood, layout_basic,
          serial_rivers, chequers_serial_rivers_large_a,
          chequers_serial_rivers_room_a, chequers_serial_rivers_small_a,
          chequers_serial_rivers_small_b, chequers_serial_rivers_micro_a
D:2:      minmay_alternating_diamond, layout_rooms,
          hellmonk_ecumenical_altar_lost_god, uniq_crazy_yiuf_cottage,
          uniq_robin

Skill      XL: |  1  2  3 |
---------------+----------+-----
Invocations    | 1 |  1.1
Long Blades    | 1 |  1.0
Axes           | 1 |  1.0
Maces & Flails | 1 |  1.0
Polearms       | 1 |  1.0
Staves         | 1 |  1.0
Ranged Weapons | 1 |  1.0
Throwing       | 1 |  1.0
Stealth        | 1 |  1.0
Shields        | 1 |  1.0
Unarmed Combat | 1 |  1.0
Spellcasting   | 1 |  1.0
Evocations     | 1 |  1.0
Fighting       | |  6.6
Short Blades   | |  6.6
Armour         | |  4.6
Dodging        | |  2.7
Conjurations   | |  0.8
Hexes          | |  0.8
Summonings     | |  0.8
Necromancy     | |  0.8
Translocations | |  0.8
Transmutations | |  0.8
Fire Magic     | |  0.8
Ice Magic      | |  0.8
Air Magic      | |  0.8
Earth Magic    | |  0.8
Poison Magic   | |  0.8

Action                     |  1- 3 |  4- 6 || total
---------------------------+-------+-------++-------
  Melee: Short sword       |    98 |     9 ||   107
         Bite              |    10 |     3 ||    13
         Punch             |     1 |       ||     1
    Use: Potion            |     2 |       ||     2
 Armour: Leather armour    |    22 |       ||    22
         Scale mail        |    26 |     4 ||    30
  Dodge: Dodged            |    71 |     4 ||    75
